 Dungeon Crawl Stone Soup version 0.24.1 (webtiles) character file.

Game seed: 17274800028699264599, levelgen mode: deterministic

197 Destapler the Grave Robber (level 5, -7/28 HPs)
             Began as a Deep Elf Necromancer on Mar 27, 2020.
             Mangled by a yak (10 damage)
             ... on level 4 of the Dungeon.
             The game lasted 00:21:05 (4239 turns).

Destapler the Grave Robber (Deep Elf Necromancer)   Turns: 4239, Time: 00:21:06

Health: -7/28      AC:  3    Str: 11    XL:     5   Next: 46%
Magic:  0/11       EV: 13    Int: 21    God:
Gold:   241        SH:  0    Dex: 15    Spells: 5/10 levels left

rFire    . . .     SeeInvis .   a - +2 dagger (venom)
rCold    + . .     Gourm    .   (no shield)
rNeg     . . .     Faith    .   e - +0 leather armour {rC+}
rPois    .         Spirit   +   (no helmet)
rElec    .         Reflect  .   (no cloak)
rCorr    .         Harm     .   (no gloves)
MR       .....                  (no boots)
Stlth    ++........             h - amulet of guardian spirit
HPRegen  0.09/turn              f - +6 ring of strength
MPRegen  0.12/turn              (no ring)

@: no status effects
A: no striking features
a: no special abilities


You were on level 4 of the Dungeon.
You were hungry.

You visited 1 branch of the dungeon, and saw 4 of its levels.

You collected 241 gold pieces.

Inventory:

Hand Weapons
 a - a +2 dagger of venom (weapon)
Missiles
 b - 136 stones (quivered)
Armour
 e - a +0 leather armour of cold resistance (worn)
Jewellery
 f - a +6 ring of strength (left hand)
 h - an amulet of guardian spirit (around neck)
 q - an uncursed ring of protection from cold {unknown}
Wands
 t - a wand of random effects (19)
Scrolls
 d - 2 scrolls of teleportation {unknown}
 i - 8 scrolls of identify {unknown}
 k - 2 scrolls of enchant armour {unknown}
 l - 2 scrolls of amnesia {unknown}
 m - a scroll of immolation {unknown}
 o - 3 scrolls of remove curse {unknown}
 r - a scroll of fog {unknown}
 u - 2 scrolls of fear {unknown}
 v - 2 scrolls of random uselessness {unknown}
 w - a scroll of blinking {unknown}
Potions
 g - 4 potions of curing {unknown}
 j - a potion of heal wounds {unknown}
 n - 2 potions of brilliance {unknown}
 p - a potion of mutation {unknown}
 s - a potion of lignification {unknown}
 x - a potion of berserk rage {unknown}
Comestibles
 c - 7 rations


   Skills:
 + Level 0.2 Fighting
 - Level 0.3 Short Blades
 - Level 3.0 Armour
 + Level 3.9 Dodging
 + Level 4.0 Stealth
 + Level 3.0 Spellcasting
 + Level 4.8 Necromancy


You had 5 spell levels left.
You knew the following spells:

 Your Spells              Type           Power        Failure   Level  Hunger
a - Pain                  Necr           ###.         2%          1    None
b - Animate Skeleton      Necr           N/A          2%          1    None
r - Regeneration          Chrm/Necr      ##........   19%         3    ###....

Your spell library contained the following spells:

 Spells                   Type           Power        Failure   Level  Hunger
 Vampiric Draining        Necr           ###.......   7%          3    ###....
 Animate Dead             Necr           N/A          22%         4    ####...


Dungeon Overview and Level Annotations

Branches:
Dungeon (4/15)
 Temple: D:4-7

Altars:


Message History

Confirm with . or Enter, or press ? or * to list all spells.
Aiming: Pain (safe; 2% risk of failure)
Press: ? - help, Shift-Dir - straight line, f/p - yak
Aim: a yak (heavily wounded, chance to defeat MR: 83%)
The yak writhes in agony.
The yak gores you!
* * * LOW HITPOINT WARNING * * *
You barely miss the yak.
The yak is heavily wounded.
The yak misses you.
You hit the yak but do no damage.
The yak is poisoned.
The yak is heavily wounded.
The yak gores you.
* * * LOW HITPOINT WARNING * * *
Casting: Pain (safe; 2% risk of failure)
Confirm with . or Enter, or press ? or * to list all spells.
Aiming: Pain (safe; 2% risk of failure)
Press: ? - help, Shift-Dir - straight line, f/p - yak
Aim: a yak (heavily wounded, poisoned, chance to defeat MR: 83%)
The yak barely resists.
The yak gores you!
You die...

#..# H.#.# #..#
#.# .# #..# ..
.. #..# ##. ##
############..#
.
..............#
#
#.#.#########.##
.## #...#####
#.#Y###..###
.##.....#
#.##@......#
.##.....#
#........###
#.......#
##.#######
#.#.....# #.#
##......# #.#
#......# #.#
#......# #.#
##......# ..#
........# .##


You could see a yak.

Vanquished Creatures
  2 orc priests (D:3)
  A worker ant (D:4)
  3 adders
  An ooze (D:4)
  2 worms (D:2)
  A dart slug (D:1)
  A leopard gecko (D:2)
  5 orcs
  A ball python (D:1)
  2 giant cockroaches
  8 goblins
  6 hobgoblins
  3 jackals (D:4)
  8 kobolds
  3 quokkas
  7 bats
  4 frilled lizards
  4 rats
62 creatures vanquished.

Vanquished Creatures (collateral kills)
  An ooze (D:2)
  2 orcs (D:2)
  A jackal (D:2)
  A ball python (D:1)
5 creatures vanquished.

Grand Total: 67 creatures vanquished

Notes
Turn   | Place    | Note
-------+----------+-------------------------------------------
     0 | D:1      | Destapler the Deep Elf Necromancer began the quest for the
                  | Orb.
     0 | D:1      | Reached XP level 1. HP: 10/10 MP: 6/6
   270 | D:1      | Reached XP level 2. HP: 6/15 MP: 4/8
   276 | D:1      | Learned a level 1 spell: Animate Skeleton
   853 | D:1      | Reached skill level 1 in Armour
  1446 | D:2      | Reached XP level 3. HP: 13/19 MP: 4/9
  2333 | D:2      | Found a faded altar of an unknown god.
  3140 | D:3      | Reached XP level 4. HP: 19/24 MP: 6/10
  3284 | D:3      | Reached XP level 5. HP: 23/28 MP: 9/11
  4115 | D:4      | Learned a level 3 spell: Regeneration
  4206 | D:4      | Noticed a hippogriff
  4230 | D:4      | Noticed a yak
  4239 | D:4      | Mangled by a yak

Levels and vault maps discovered:
D:1:      dpeg_arrival_circle_labyrinth_c, layout_basic
D:2:      wander_river, layout_basic, chequers_ecumenical_altar_grove,
          minmay_tromino_mix6
D:3:      layout_loops_ring, first_ration
D:4:      minmay_inner_zag, layout_rooms, nicolae_overflow_hidden_temple,
          grunt_decor_clamped, chequers_serial_rivers_micro_a, st_stairs_7,
          minmay_stone_trees_medium, chequers_serial_rivers_room_b,
          minmay_fountain_box, minmay_manual_maat

Skill      XL: |  1  2  3  4  5 |
---------------+----------------+-----
Armour         | 1 2 3 |  3.0
Stealth        | 3 4 |  4.0
Dodging        | 3 |  3.9
Fighting       | |  0.2
Short Blades   | |  0.3
Spellcasting   | |  3.0
Necromancy     | |  4.8

Action                   |  1- 3 |  4- 6 || total
-------------------------+-------+-------++-------
Melee: Dagger            |    82 |    51 ||   133
 Cast: Pain              |    46 |    21 ||    67
       Animate Skeleton  |    12 |    10 ||    22
       Regeneration      |       |     1 ||     1
 Stab: Sleeping          |     3 |     2 ||     5
  Eat: Chunk             |     3 |     3 ||     6
       Ration            |     1 |       ||     1
Armor: Leather armour    |    24 |    22 ||    46
       Robe              |     2 |       ||     2
Dodge: Dodged            |    63 |    53 ||   116
